 Dungeon Crawl Stone Soup version 0.18.1-48-g4cf74bf (webtiles) character file.

723 Diesel the Skirmisher (level 7, -2/61 HPs)
             Began as a Hill Orc Fighter on July 21, 2016.
             Was an Initiate of Nemelex Xobeh.
             Slain by Inkary's ghost (8 damage)
             ... on level 5 of the Dungeon.
             The game lasted 00:27:35 (3099 turns).

Diesel the Skirmisher (Hill Orc Fighter)            Turns: 3099, Time: 00:27:36

Health: -2/61      AC:  8    Str: 21    XL:     7   Next: 71%
Magic:  7/7        EV:  8    Int:  8    God:    Nemelex Xobeh [......]
Gold:   159        SH: 10    Dex: 10    Spells: 0 memorised, 6 levels left

rFire  . . .     SeeInvis .     i - +6 hand axe (drain)
rCold  + . .     Gourm    .     e - +0 scale mail
rNeg   . . .     Faith    .     c - +0 shield
rPois  .         Spirit   .     (no helmet)
rElec  .         Dismiss  .     r - +0 cloak
rCorr  .         Reflect  .     (no gloves)
SustAt .         Harm     .     (no boots)
MR     .....                    (no amulet)
Stlth  ..........               (no ring)
                                l - ring of protection from cold

@: not resistant to hostile enchantments, extremely unstealthy
A: no striking features
a: Renounce Religion


You were on level 5 of the Dungeon.
You worshipped Nemelex Xobeh.
Nemelex Xobeh was noncommittal.
You were not hungry.

You visited 2 branches of the dungeon, and saw 6 of its levels.
You also visited: Ossuary.

You collected 159 gold pieces.

Inventory:

Hand Weapons
 a - a +0 long sword
 i - a +6 hand axe of draining (weapon)
 F - a +0 giant spiked club
Missiles
 p - 2 needles of sleeping
Armour
 b - a +0 scale mail
 c - a +0 shield (worn)
 e - a +0 scale mail (worn)
 r - a +0 cloak (worn)
Jewellery
 l - a ring of protection from cold (left hand)
Scrolls
 m - a scroll of recharging
 n - 2 scrolls of blinking {unknown}
 o - a scroll of immolation {unknown}
 t - a scroll of enchant weapon {unknown}
 w - 2 scrolls of remove curse {unknown}
 C - 2 scrolls of random uselessness {unknown}
 E - a scroll of identify
Potions
 d - 2 potions of might
 f - 2 potions of curing {unknown}
 h - 3 potions of lignification
 k - a potion of berserk rage {unknown}
 q - a potion of ambrosia {unknown}
 s - a potion of haste {unknown}
 v - 3 potions of agility {unknown}
 z - a potion of brilliance {unknown}
 A - a potion of degeneration {unknown}
 B - a potion of resistance {unknown}
 D - a potion of cancellation {unknown}
Miscellaneous
 y - a plain deck of escape
Comestibles
 g - a slice of pizza
 j - 2 beef jerkies
 u - 5 fruits
 x - 3 bread rations


   Skills:
 + Level 5.6 Fighting
 + Level 2.9 Long Blades
 + Level 4.6 Axes
 + Level 5.0 Armour
 + Level 2.5 Dodging
 + Level 0.6 Stealth
 + Level 4.9 Shields


You had 6 spell levels left.
You didn't know any spells.

Dungeon Overview and Level Annotations

Branches:
Dungeon (5/15)             Temple (1/1) D:4

Altars:
Dithmenos
Elyvilon
Fedhas
Gozag
Kikubaaqudgha
Nemelex Xobeh
Okawaru
Pakellas
Qazlal
Sif Muna
Trog
Vehumet
Yredelemnul
The Shining One

Annotations:
D:5 Inkary's ghost, amateur GrFi


Message History

Inkary's ghost is almost destroyed.
Inkary's ghost hits you.
* * * LOW HITPOINT WARNING * * *
You hit Inkary's ghost but do no damage.
Inkary's ghost is almost destroyed.
You block Inkary's ghost's attack.
You completely miss Inkary's ghost.
Inkary's ghost is almost destroyed.
Inkary's ghost hits you!
* * * LOW HITPOINT WARNING * * *
You hit Inkary's ghost but do no damage.
Inkary's ghost is almost destroyed.
You block Inkary's ghost's attack.
Inkary's ghost hits you but does no damage.
You hit Inkary's ghost but do no damage.
Inkary's ghost is almost destroyed.
Inkary's ghost barely misses you. Inkary's ghost hits you!
You die...
Your body disappears without a glow.

#### .. #... .. . ..#
.#.# ###.# .<..
#...###..##
.#.###.#.......#
.............###.###..
..#......W...........
#.....#####@..†.......
#.#...#.≈.#...###...##
#.#...#≈..#.......#.#
#.#...#≈P≈#......## #
#.....#####......#
#................#
##.#................
#.<..##....####..#.
#..##.#..#### #...


You could see Inkary's ghost.

Vanquished Creatures
  An ogre (D:5)
  2 elf zombies (Ossuary)
  A giant frog (D:5)
  A howler monkey (D:4)
  3 centaur zombies (Ossuary)
  2 hounds (D:4)
  An iguana (D:4)
  A hound skeleton (D:5)
  2 mummies (Ossuary)
  8 adders
  3 worms
  5 dart slugs
  A giant gecko (D:4)
  2 orcs (D:4)
  6 giant cockroaches
  6 hobgoblins
  8 jackals
  A quokka (D:4)
  A ball python (D:4)
  8 bats
  3 giant newts (D:1)
  4 goblins
  14 hobgoblin zombies (Ossuary)
  A jackal zombie (Ossuary)
  7 kobolds
  8 kobold zombies (Ossuary)
  7 orc zombies (Ossuary)
  5 rats
  A rat zombie (Ossuary)
113 creatures vanquished.

Vanquished Creatures (others)
  2 fungi (D:5)
2 creatures vanquished.

Grand Total: 115 creatures vanquished

Notes
Turn   | Place    | Note
--------------------------------------------------------------
     0 | D:1      | Diesel the Hill Orc Fighter began the quest for the Orb.
     0 | D:1      | Reached XP level 1. HP: 19/19 MP: 1/1
   240 | D:1      | Reached XP level 2. HP: 27/27 MP: 2/2
   856 | D:2      | Reached XP level 3. HP: 33/33 MP: 3/3
  1017 | D:2      | Reached XP level 4. HP: 41/41 MP: 4/4
  1268 | D:2      | Found a glowing golden altar of the Shining One.
  1611 | D:3      | Reached skill level 1 in Axes
  1628 | D:3      | Found a blossoming altar of Fedhas.
  1636 | D:3      | Reached skill level 1 in Dodging
  1788 | D:3      | Reached XP level 5. HP: 47/47 MP: 5/5
  1952 | D:4      | Found a staircase to the Ecumenical Temple.
  1963 | Temple   | Entered the Ecumenical Temple
  2236 | Temple   | Became a worshipper of Nemelex Xobeh the Trickster
  2341 | D:4      | Received a gift from Nemelex Xobeh
  2439 | D:4      | Found a sand-covered staircase.
  2449 | Ossuary  | Entered an ossuary
  2569 | Ossuary  | Reached XP level 6. HP: 41/55 MP: 6/6
  2588 | Ossuary  | Reached skill level 5 in Fighting
  2623 | Ossuary  | Reached XP level 7. HP: 13/61 MP: 7/7
  2896 | D:4      | Reached skill level 5 in Armour
  3018 | D:5      | Entered Level 5 of the Dungeon
  3056 | D:5      | Noticed Inkary's ghost (amateur GrFi)
  3099 | D:5      | Slain by Inkary's ghost

Skill      XL: |  1  2  3  4  5  6  7 |
---------------+----------------------+-----
Fighting       | 4 5 |  5.6
Shields        | 4 |  4.9
Axes           | 1 2 3 4 |  4.6
Armour         | 4 5 |  5.0
Dodging        | 1 2 |  2.5
Long Blades    | |  2.9
Stealth        | |  0.6

Action                   |  1- 3 |  4- 6 |  7- 9 || total
-------------------------+-------+-------+-------++-------
Melee: Long sword        |    39 |       |       ||    39
       Hand axe          |    34 |   145 |    87 ||   266
  Use: Scroll            |     2 |     2 |     1 ||     5
       Potion            |       |     1 |       ||     1
  Eat: Pizza             |       |     1 |     1 ||     2
       Bread ration      |       |     1 |       ||     1
Armor: Scale mail        |    33 |    78 |    27 ||   138
Dodge: Dodged            |    23 |    52 |    26 ||   101
Block: Shield            |    29 |    73 |    42 ||   144
